[Event "3rd Vergani Cup 2018"]
[Site "Montebelluna"]
[Date "2019.01.02"]
[Round "?"]
[White "Sonis, Francesco"]
[Black "Naumkin, Igor"]
[Result "0-1"]
[WhiteElo "2485"]
[BlackElo "2410"]
[Annotator "RC"]
[PlyCount "100"]
[EventDate "2018.12.27"]
[EventType "swiss"]
[EventCountry "ITA"]
[TimeControl "5400+30"]
[WhiteClock "0:02:02"]
[BlackClock "0:07:01"]

1. Nf3 Nf6 2. c4 e6 3. d4 b6 4. g3 Bb7 5. Bg2 Be7 6. O-O O-O 7. Re1 d5 8. cxd5 exd5 9. Nc3 Na6 10. Bf4 c5 11. Rc1 Re8 12. dxc5 Nxc5 13. Nd4 Qd7 14. Ncb5 Nh5 15. Be3 a5 16. Nc3 h6 17. Qc2 Nf6 18. Nf5 Bf8 19. Bd4 Nfe4 20. Ne3 Rad8 21. Red1 Qe6 22. Na4 Rc8 23. Nc3 Rcd8 24. a3 h5 25. b4 axb4 26. axb4 Na6 27. b5 Nac5 28. Ra1 h4 29. Ra7 hxg3 30. hxg3 Qc8 31. Rc1 Qb8 32. Qa2 Ne6 33. Bxb6 Rc8 34. Rxb7 Qxb7 35. Nexd5 Rxc3 36. Nxc3 Nxc3 37. Rxc3 Qxb6 38. Bc6 Rd8 39. Kg2 Nd4 40. Qc4 Rc8 41. e4 Nxb5 42. Bxb5 Rxc4 43. Bxc4 Qd4 44. Rc1 Ba3 45. Bxf7+ Kxf7 46. Re1 Ke6 47. Re3 Bc1 48. Re2 Qd3 49. Kf1 Bd2 50. e5 Bc3 0-1

[Event "3rd Vergani Cup 2018"]
[Site "Montebelluna"]
[Date "2019.01.02"]
[Round "?"]
[White "Velten, Paul"]
[Black "Bernadskiy, Vitaliy"]
[Result "1/2-1/2"]
[WhiteElo "2485"]
[BlackElo "2547"]
[PlyCount "132"]
[EventDate "2018.12.27"]
[EventType "swiss"]
[EventCountry "ITA"]
[TimeControl "5400+30"]
[WhiteClock "0:31:57"]
[BlackClock "0:16:33"]

1. d4 g6 2. c3 d6 3. Bg5 Bg7 4. Nd2 h6 5. Bh4 Nc6 6. e4 Nf6 7. f4 O-O 8. Bxf6 exf6 9. Qf3 f5 10. Bd3 fxe4 11. Bxe4 Ne7 12. Ne2 c5 13. dxc5 dxc5 14. Nc4 Be6 15. Rd1 Qc7 16. Ne3 f5 17. Bb1 Rad8 18. O-O Qc6 19. Qf2 b5 20. h3 Bc8 21. g4 fxg4 22. hxg4 Bb7 23. Ng3 Rxd1 24. Rxd1 Qc7 25. f5 b4 26. Ne4 bxc3 27. bxc3 Bxe4 28. Bxe4 Bxc3 29. Nd5 Nxd5 30. Bxd5+ Kh8 31. Qe3 Qg7 32. Qxc5 gxf5 33. Bg2 Rg8 34. Qxf5 Bd4+ 35. Kh1 Qxg4 36. Qxg4 Rxg4 37. Bf3 Rf4 38. Kg2 Kg7 39. Re1 Bb6 40. Re6 Ra4 41. Bd5 Rd4 42. Bb3 h5 43. Kh3 Bd8 44. Re5 Rd3+ 45. Kg2 h4 46. Rd5 Rg3+ 47. Kh2 Bb6 48. Rh5 Bc7 49. Kh1 Rg4 50. Rc5 Bb6 51. Rc4 Bd4 52. Kh2 Kf6 53. Rc8 Rg3 54. Rf8+ Ke7 55. Rf7+ Kd6 56. Rh7 Be5 57. Kh1 Rh3+ 58. Kg2 Rh2+ 59. Kf3 a5 60. Rh6+ Kc5 61. Rh5 Kd4 62. Kg4 a4 63. Rxh4 Rxh4+ 64. Kxh4 axb3 65. axb3 Kc3 66. Kg4 Kxb3 1/2-1/2

[Event "3rd Vergani Cup 2018"]
[Site "Montebelluna"]
[Date "2019.01.02"]
[Round "?"]
[White "Henderson de La Fuente, Lance"]
[Black "Ter-Sahakyan, Samvel"]
[Result "1/2-1/2"]
[WhiteElo "2484"]
[BlackElo "2574"]
[PlyCount "68"]
[EventDate "2018.12.27"]
[EventType "swiss"]
[EventCountry "ITA"]
[TimeControl "5400+30"]

1. e4 c5 2. Nf3 d6 3. d4 cxd4 4. Nxd4 Nf6 5. Nc3 a6 6. h3 g6 7. g4 Nc6 8. Be3 Nxd4 9. Bxd4 Bh6 10. Bxf6 exf6 11. Bc4 O-O 12. Qf3 b5 13. Bb3 Rb8 14. Nd5 Kg7 15. Kf1 a5 16. a4 bxa4 17. Rxa4 Be6 18. Rxa5 Bc1 19. Ra2 Bxd5 20. exd5 Ra8 21. Qc3 Rxa2 22. Bxa2 Qa8 23. Bc4 Qa1 24. Ke2 Qxb2 25. Qxb2 Bxb2 26. Rb1 Bd4 27. Rb7 Kh6 28. Bb5 Kg5 29. Kf3 Kh6 30. Bc6 Kg7 31. Kg3 Bc5 32. Kf3 Kh6 33. Re7 Kg7 34. Ke2 Bd4 1/2-1/2

[Event "3rd Vergani Cup 2018"]
[Site "Montebelluna"]
[Date "2019.01.02"]
[Round "?"]
[White "Menezes, Christoph"]
[Black "Basso, Pier Luigi"]
[Result "1/2-1/2"]
[WhiteElo "2415"]
[BlackElo "2542"]
[PlyCount "40"]
[EventDate "2018.12.27"]
[EventType "swiss"]
[EventCountry "ITA"]
[TimeControl "5400+30"]
[WhiteClock "1:14:20"]
[BlackClock "1:07:50"]

1. Nf3 d5 2. g3 c6 3. Bg2 Bg4 4. O-O e6 5. h3 Bh5 6. d4 Nf6 7. c4 Nbd7 8. cxd5 exd5 9. Qb3 Qb6 10. Qe3+ Be7 11. Nh4 Bg6 12. Nc3 Qd8 13. b4 O-O 14. Nxg6 hxg6 15. b5 Re8 16. Qd3 Nf8 17. Rb1 Ne6 18. bxc6 bxc6 19. Rd1 Rb8 20. Rxb8 Qxb8 1/2-1/2

[Event "3rd Vergani Cup 2018"]
[Site "Montebelluna"]
[Date "2019.01.02"]
[Round "?"]
[White "Kaasen, Tor Fredrik"]
[Black "Seresin, Francesco"]
[Result "0-1"]
[WhiteElo "2409"]
[BlackElo "2258"]
[PlyCount "86"]
[EventDate "2018.12.27"]
[EventType "swiss"]
[EventCountry "ITA"]
[TimeControl "5400+30"]
[WhiteClock "0:01:03"]
[BlackClock "0:00:32"]

1. e4 c5 2. Nf3 d6 3. Bb5+ Nd7 4. O-O a6 5. Bd3 Ngf6 6. Re1 e6 7. c3 Be7 8. Bc2 b5 9. d4 Bb7 10. Bf4 O-O 11. h3 Re8 12. Bg3 Rc8 13. Nbd2 cxd4 14. cxd4 Qb6 15. Bd3 e5 16. Nb3 Bf8 17. dxe5 dxe5 18. Qe2 Nh5 19. Bh2 g6 20. Rad1 Rc7 21. Qd2 f6 22. Rc1 Rec8 23. Rxc7 Rxc7 24. Rc1 Ng7 25. Rxc7 Qxc7 26. Qc2 Qb6 27. Nfd2 Ne6 28. Kf1 a5 29. f3 a4 30. Nc1 Bc5 31. Ne2 Kg7 32. Nb1 Nd4 33. Nxd4 Bxd4 34. Nc3 Nc5 35. Be2 Bc6 36. Bg3 b4 37. Nd1 b3 38. axb3 Qxb3 39. Qxb3 Nxb3 40. Be1 f5 41. exf5 gxf5 42. Bc4 Kf6 43. Bxb3 Bb5+ 0-1

[Event "3rd Vergani Cup 2018"]
[Site "Montebelluna"]
[Date "2019.01.02"]
[Round "?"]
[White "Baglan, Esat"]
[Black "Orfini, Nicolo`"]
[Result "1-0"]
[WhiteElo "2363"]
[BlackElo "2156"]
[PlyCount "97"]
[EventDate "2018.12.27"]
[EventType "swiss"]
[EventCountry "ITA"]
[TimeControl "5400+30"]
[WhiteClock "0:01:59"]
[BlackClock "0:02:12"]

1. e4 d6 2. d4 Nf6 3. Nc3 e5 4. Nf3 exd4 5. Nxd4 Be7 6. Bf4 O-O 7. Qd2 c6 8. O-O-O b5 9. f3 b4 10. Nce2 c5 11. Nf5 Bxf5 12. exf5 Qa5 13. Kb1 c4 14. Nd4 Rc8 15. Qe1 Nd5 16. Qe4 Nd7 17. Nc6 Rxc6 18. Rxd5 Qd8 19. Rd4 Rac8 20. Rxc4 Nc5 21. Qd5 a5 22. Be2 Bf6 23. Bc1 Qe8 24. Bd3 Rb6 25. g4 h6 26. h4 Qe5 27. Qxe5 Bxe5 28. Be4 Bg3 29. g5 h5 30. Bd5 Kf8 31. Rg1 Bf2 32. Rg2 Be1 33. Re2 Re8 34. Rxe8+ Kxe8 35. Be3 Bg3 36. Bd4 g6 37. f6 Rb8 38. c3 bxc3 39. Bxc3 a4 40. Kc2 Kf8 41. Bd4 Na6 42. a3 Nc5 43. Rb4 Rc8 44. Kb1 Nd3 45. Rb7 Rc1+ 46. Ka2 Rc8 47. Rxf7+ Ke8 48. Re7+ Kf8 49. Rg7 1-0

[Event "3rd Vergani Cup 2018"]
[Site "Montebelluna"]
[Date "2019.01.02"]
[Round "?"]
[White "Baglan, Esat"]
[Black "Velten, Paul"]
[Result "0-1"]
[WhiteElo "2363"]
[BlackElo "2485"]
[PlyCount "82"]
[EventDate "2018.12.27"]
[EventType "swiss"]
[EventCountry "ITA"]
[TimeControl "5400+30"]
[WhiteClock "0:50:20"]
[BlackClock "0:01:00"]

1. e4 e6 2. d4 d5 3. Nd2 Nf6 4. e5 Nfd7 5. Bd3 c5 6. c3 Nc6 7. Ne2 cxd4 8. cxd4 f6 9. exf6 Nxf6 10. O-O Bd6 11. Nf3 O-O 12. Bf4 Nh5 13. Bxd6 Qxd6 14. Qd2 Bd7 15. Qe3 Nb4 16. Ne5 Nxd3 17. Qxd3 a6 18. a4 Rac8 19. g3 Be8 20. b3 b5 21. f3 Nf6 22. Rfe1 bxa4 23. bxa4 Nd7 24. Nf4 Rf5 25. Qe3 Nxe5 26. dxe5 Qe7 27. Ne2 Rf8 28. Nd4 Rc4 29. Rec1 Qc5 30. Rxc4 dxc4 31. Ra3 Bd7 32. Rc3 Rb8 33. Kg2 Bxa4 34. g4 Bd7 35. Kg3 a5 36. h4 a4 37. h5 h6 38. Kf2 Rb2+ 39. Kg3 Rb1 40. Nf5 Qxe3 41. Nxe3 Rb3 0-1

[Event "3rd Vergani Cup 2018"]
[Site "Montebelluna"]
[Date "2019.01.02"]
[Round "?"]
[White "Di Benedetto, Edoardo"]
[Black "Alok Sinha"]
[Result "1-0"]
[WhiteElo "2324"]
[BlackElo "2187"]
[PlyCount "81"]
[EventDate "2018.12.27"]
[EventType "swiss"]
[EventCountry "ITA"]
[TimeControl "5400+30"]
[WhiteClock "0:15:54"]
[BlackClock "1:11:34"]

1. d4 d5 2. c4 c6 3. Nf3 Nf6 4. Nc3 e6 5. e3 Nbd7 6. Bd3 dxc4 7. Bxc4 b5 8. Bd3 Bd6 9. Qc2 Bb7 10. e4 e5 11. Bg5 Qc7 12. O-O-O b4 13. Na4 O-O 14. dxe5 Nxe5 15. Bxf6 gxf6 16. Nxe5 fxe5 17. Nc5 Bc8 18. Kb1 Rb8 19. Be2 Rd8 20. Rd3 Bxc5 21. Rxd8+ Qxd8 22. Qxc5 Qc7 23. Bc4 Be6 24. Bxe6 fxe6 25. Rc1 Rb6 26. Rd1 Rb5 27. Qd6 Qxd6 28. Rxd6 Rc5 29. Rxe6 Kf7 30. Rd6 a5 31. Rd7+ Kg6 32. Rd2 Rc4 33. f3 c5 34. b3 Rd4 35. Kc2 h5 36. Rxd4 cxd4 37. h4 Kf6 38. Kd3 Ke6 39. f4 Kf6 40. fxe5+ Kxe5 41. g3 1-0

[Event "3rd Vergani Cup 2018"]
[Site "Montebelluna"]
[Date "2019.01.02"]
[Round "?"]
[White "Di Benedetto, Edoardo"]
[Black "Gallana, Marco"]
[Result "1/2-1/2"]
[WhiteElo "2324"]
[BlackElo "2247"]
[PlyCount "115"]
[EventDate "2018.12.27"]
[EventType "swiss"]
[EventCountry "ITA"]
[TimeControl "5400+30"]
[WhiteClock "0:07:32"]

1. Nf3 Nf6 2. b3 g6 3. Bb2 Bg7 4. c4 c5 5. g3 b6 6. Bg2 Bb7 7. O-O O-O 8. Nc3 d5 9. Nxd5 Nxd5 10. Bxg7 Kxg7 11. cxd5 Qxd5 12. d4 Na6 13. e4 Qd6 14. d5 e6 15. Nd2 exd5 16. Nc4 Qd7 17. exd5 Rad8 18. Qd2 Qf5 19. Ne3 Qf6 20. Rad1 h5 21. d6 Bxg2 22. Kxg2 Nb4 23. Nd5 Nxd5 24. Qxd5 Rd7 25. Rd3 Re8 26. Qc6 Red8 27. Rfd1 h4 28. g4 h3+ 29. Rxh3 Rxd6 30. Rxd6 Qxd6 31. Qxd6 Rxd6 32. Re3 Rd2 33. a4 Rd4 34. h3 g5 35. Re7 Rb4 36. Rxa7 Rxb3 37. Rc7 Rb4 38. a5 bxa5 39. Rxc5 f6 40. Rxa5 Rb3 41. f3 Kg6 42. Kg3 Rc3 43. Rf5 Rc1 44. h4 gxh4+ 45. Kxh4 Rh1+ 46. Kg3 Ra1 47. Rb5 Ra3 48. Rb4 Kg5 49. Rb5+ Kg6 50. Rd5 Rb3 51. Kf4 Rb4+ 52. Ke3 Rb3+ 53. Ke4 Rb4+ 54. Ke3 Rb3+ 55. Rd3 Rxd3+ 56. Kxd3 f5 57. Ke3 fxg4 58. Ke4 1/2-1/2

[Event "3rd Vergani Cup 2018"]
[Site "Montebelluna"]
[Date "2019.01.02"]
[Round "?"]
[White "Di Benedetto, Edoardo"]
[Black "Baglan, Esat"]
[Result "1/2-1/2"]
[WhiteElo "2324"]
[BlackElo "2363"]
[PlyCount "82"]
[EventDate "2018.12.27"]
[EventType "swiss"]
[EventCountry "ITA"]
[TimeControl "5400+30"]
[WhiteClock "0:00:49"]
[BlackClock "0:02:00"]

1. d4 Nf6 2. c4 g6 3. g3 Bg7 4. Bg2 O-O 5. Nf3 c6 6. O-O d5 7. Qb3 Qb6 8. Nc3 Rd8 9. Na4 Qxb3 10. axb3 Na6 11. c5 Nd7 12. Bd2 e5 13. e3 exd4 14. exd4 Nf8 15. Rfe1 Bf5 16. Ne5 Re8 17. f4 f6 18. Nf3 Be4 19. Nc3 Bxf3 20. Rxe8 Rxe8 21. Bxf3 f5 22. Ne2 Ne6 23. Bc3 Ra8 24. Kf2 Nac7 25. Ke3 Nb5 26. Kd3 Re8 27. Rf1 h5 28. h3 Kf7 29. Rh1 Rh8 30. b4 a6 31. h4 Re8 32. Rd1 Nf8 33. Bg2 Nh7 34. Ng1 Nf6 35. Nf3 Ng4 36. Rf1 Bf6 37. Ne5+ Bxe5 38. dxe5 Ke6 39. Bd4 Ra8 40. Ra1 Rd8 41. Bg1 Rd7 1/2-1/2

[Event "3rd Vergani Cup 2018"]
[Site "Montebelluna"]
[Date "2019.01.02"]
[Round "?"]
[White "Dudin, Gleb"]
[Black "Can, Melih Kaan"]
[Result "1-0"]
[WhiteElo "2303"]
[BlackElo "2225"]
[PlyCount "139"]
[EventDate "2018.12.27"]
[EventType "swiss"]
[EventCountry "ITA"]
[TimeControl "5400+30"]
[WhiteClock "0:00:31"]
[BlackClock "0:01:13"]

1. e4 c5 2. Nf3 Nc6 3. Bb5 d6 4. c3 Bd7 5. O-O Nf6 6. Re1 a6 7. Ba4 b5 8. Bc2 Bg4 9. h3 Bxf3 10. Qxf3 g6 11. a4 Rb8 12. Na3 Nd7 13. Qe2 b4 14. Nc4 Bg7 15. Ne3 a5 16. Kh1 O-O 17. f4 e6 18. Ng4 Qh4 19. Rf1 Kh8 20. Qf2 Qxf2 21. Rxf2 f5 22. exf5 gxf5 23. Nh2 d5 24. Nf3 Rbe8 25. Rf1 c4 26. d4 cxd3 27. Bxd3 bxc3 28. bxc3 Bxc3 29. Ra3 Bf6 30. Bb5 Rc8 31. Re3 Nc5 32. Ng5 Bxg5 33. fxg5 Ne4 34. Bb2+ Kg8 35. Kh2 Kf7 36. g4 Nb4 37. gxf5 Rc2+ 38. Re2 Rfc8 39. fxe6+ Kxe6 40. Kg1 Rxe2 41. Bxe2 Rc2 42. Bg4+ Kd6 43. Bf6 Nd3 44. Bf5 Rc7 45. Bd8 Rg7 46. h4 Ndc5 47. Bxa5 Nxg5 48. hxg5 Rxg5+ 49. Kh2 Nxa4 50. Bd2 Rg7 51. Bc2 Nc5 52. Rf6+ Kd7 53. Bf5+ Ke7 54. Rh6 Rf7 55. Bg5+ Kf8 56. Bxh7 Ne4 57. Be3 Kg7 58. Rh3 Rb7 59. Bd4+ Nf6 60. Bf5 Rf7 61. Be6 Re7 62. Rg3+ Kh6 63. Bf5 Ne4 64. Rg6+ Kh5 65. Rg8 Rc7 66. Be3 Rc2+ 67. Kh3 Nf2+ 68. Kg3 Ne4+ 69. Bxe4 dxe4 70. Rg5+ 1-0

[Event "3rd Vergani Cup 2018"]
[Site "Montebelluna"]
[Date "2019.01.02"]
[Round "?"]
[White "Loiacono, Antonio"]
[Black "Orfini, Nicolo`"]
[Result "0-1"]
[WhiteElo "2293"]
[BlackElo "2156"]
[PlyCount "68"]
[EventDate "2018.12.27"]
[EventType "swiss"]
[EventCountry "ITA"]
[TimeControl "5400+30"]
[WhiteClock "0:12:51"]
[BlackClock "0:00:06"]

1. Nf3 d6 2. c4 e5 3. Nc3 f5 4. d4 e4 5. Ng1 Nf6 6. h4 Be7 7. Nh3 c6 8. Nf4 Na6 9. e3 Nc7 10. Qb3 O-O 11. Be2 Kh8 12. Bd2 Rb8 13. O-O-O Bd7 14. h5 Ne6 15. g3 b5 16. Qc2 Nxf4 17. gxf4 b4 18. Na4 c5 19. dxc5 dxc5 20. Rdg1 Qa5 21. Bd1 Qa6 22. Kb1 Rbd8 23. Bc1 Bc6 24. b3 Bxa4 25. bxa4 Nd7 26. Bb2 Bf6 27. Rg5 Bxg5 28. fxg5 Kg8 29. h6 g6 30. f3 Qe6 31. fxe4 fxe4 32. Rh4 Ne5 33. Bc1 Nd3 34. Bg4 Qe5 0-1

[Event "3rd Vergani Cup 2018"]
[Site "Montebelluna"]
[Date "2019.01.02"]
[Round "?"]
[White "Ajay Krishna, S."]
[Black "Henderson de La Fuente, Lance"]
[Result "0-1"]
[WhiteElo "2289"]
[BlackElo "2484"]
[Annotator "RC"]
[PlyCount "118"]
[EventDate "2018.12.27"]
[EventType "swiss"]
[EventCountry "ITA"]
[TimeControl "5400+30"]
[WhiteClock "0:05:56"]
[BlackClock "0:01:43"]

1. d4 Nf6 2. Bf4 b6 3. e3 Bb7 4. Nd2 g6 5. Ngf3 Bg7 6. h3 O-O 7. Bd3 d6 8. Qe2 Nbd7 9. Ba6 Qc8 10. Bxb7 Qxb7 11. O-O Rfe8 12. a4 a6 13. Bh2 c5 14. c3 Ne4 15. Nxe4 Qxe4 16. b4 Rec8 17. bxc5 bxc5 18. Rfc1 h6 19. Rab1 Qc6 20. Qc4 Rab8 21. d5 Qa8 22. Bf4 Nb6 23. Rxb6 Rxb6 24. e4 Qb7 25. e5 dxe5 26. Nxe5 Bxe5 27. Bxe5 Rd8 28. Rd1 Rb1 29. Rxb1 Qxb1+ 30. Kh2 Qb7 31. Qxc5 Rxd5 32. Qe3 Kh7 33. Bg3 Ra5 34. Qf4 f6 35. Qc4 Kg7 36. Bc7 Qc8 37. Qc6 Re5 38. Qb6 Re6 39. Qc5 Qd7 40. Bf4 Qxa4 41. Be3 Qd7 42. g3 Rc6 43. Qb4 Qc7 44. Bf4 e5 45. Bd2 Qd6 46. Qa4 Rc7 47. Qa2 Qc6 48. Be3 Rd7 49. Qa3 g5 50. g4 Rc7 51. Qa5 Rd7 52. Qb4 Qb7 53. Qa4 Rc7 54. Qa3 Rc4 55. Kg1 h5 56. gxh5 Rh4 57. Kh2 Qd7 58. Kg1 Rxh3 59. h6+ Kh7 0-1

[Event "3rd Vergani Cup 2018"]
[Site "Montebelluna"]
[Date "2019.01.02"]
[Round "?"]
[White "Seresin, Francesco"]
[Black "Ajay Krishna, S."]
[Result "1-0"]
[WhiteElo "2258"]
[BlackElo "2289"]
[PlyCount "42"]
[EventDate "2018.12.27"]
[EventType "swiss"]
[EventCountry "ITA"]
[TimeControl "5400+30"]
[WhiteClock "1:01:08"]
[BlackClock "0:36:25"]

1. d4 c5 2. d5 e6 3. c4 b5 4. cxb5 Nf6 5. Nc3 a6 6. e3 exd5 7. Nxd5 Bb7 8. Nxf6+ Qxf6 9. Nf3 Be7 10. bxa6 Nxa6 11. Be2 Nb4 12. a3 Be4 13. O-O Nc2 14. Rb1 Nb4 15. Ra1 Bc2 16. axb4 Bxd1 17. Rxa8+ Bd8 18. Rxd1 cxb4 19. b3 O-O 20. Rd3 d5 21. Rxd5 Be7 1-0

[Event "3rd Vergani Cup 2018"]
[Site "Montebelluna"]
[Date "2019.01.02"]
[Round "?"]
[White "Gallana, Marco"]
[Black "Velten, Paul"]
[Result "0-1"]
[WhiteElo "2247"]
[BlackElo "2485"]
[Annotator "RC"]
[PlyCount "88"]
[EventDate "2018.12.27"]
[EventType "swiss"]
[EventCountry "ITA"]
[TimeControl "5400+30"]
[WhiteClock "0:50:42"]
[BlackClock "0:00:31"]

1. d4 d5 2. Nf3 Nf6 3. c4 dxc4 4. e3 Bg4 5. Bxc4 e6 6. Nc3 Nc6 7. h3 Bh5 8. a3 Bd6 9. Be2 O-O 10. O-O a6 11. e4 Bxf3 12. Bxf3 Nxd4 13. Be3 Be5 14. Bg4 Nc6 15. Qf3 Bxc3 16. bxc3 Ne5 17. Qf4 Ng6 18. Qf3 Qd6 19. Bg5 Nxg4 20. Qxg4 Qc6 21. h4 f6 22. Be3 Ne5 23. Qf4 Rad8 24. h5 b6 25. Rad1 h6 26. Qg3 Nf7 27. Qg4 e5 28. c4 Qb7 29. Rd5 Qc8 30. Qg6 Rxd5 31. cxd5 Qd7 32. Rc1 a5 33. Rc6 Nd8 34. Rc4 f5 35. exf5 Rf6 36. Qg3 Nf7 37. Rg4 Nd6 38. Qxe5 Rxf5 39. Qe6+ Qxe6 40. dxe6 Rxh5 41. Bf4 Ne8 42. a4 Kf8 43. Rg3 Rf5 44. Rg4 h5 0-1

[Event "3rd Vergani Cup 2018"]
[Site "Montebelluna"]
[Date "2019.01.02"]
[Round "?"]
[White "Gallana, Marco"]
[Black "Loiacono, Leonardo"]
[Result "1/2-1/2"]
[WhiteElo "2247"]
[BlackElo "2300"]
[PlyCount "60"]
[EventDate "2018.12.27"]
[EventType "swiss"]
[EventCountry "ITA"]
[TimeControl "5400+30"]
[WhiteClock "0:14:51"]
[BlackClock "0:16:58"]

1. Nf3 d5 2. d4 Nf6 3. c4 c6 4. e3 Bg4 5. Nc3 e6 6. Qb3 Qb6 7. h3 Bh5 8. Nh4 Qxb3 9. axb3 Na6 10. g4 Nb4 11. Kd1 Bg6 12. Nxg6 hxg6 13. Be2 g5 14. Bd2 Be7 15. Ra4 Kd7 16. f3 Kc7 17. Be1 a5 18. Na2 Nxa2 19. Rxa2 b6 20. Kc2 dxc4 21. bxc4 c5 22. Ra1 Nd7 23. Rd1 Bd6 24. Bf2 cxd4 25. exd4 Bf4 26. h4 gxh4 27. Bxh4 g5 28. Bf2 e5 29. Bd3 exd4 30. Be4 Rad8 1/2-1/2

[Event "3rd Vergani Cup 2018"]
[Site "Montebelluna"]
[Date "2019.01.02"]
[Round "?"]
[White "Can, Melih Kaan"]
[Black "Alok Sinha"]
[Result "0-1"]
[WhiteElo "2225"]
[BlackElo "2187"]
[PlyCount "44"]
[EventDate "2018.12.27"]
[EventType "swiss"]
[EventCountry "ITA"]
[TimeControl "5400+30"]
[WhiteClock "1:02:03"]
[BlackClock "0:31:39"]

1. e4 c5 2. Nf3 d6 3. c3 Nf6 4. h3 Nc6 5. Bd3 e5 6. Bc2 Be7 7. O-O g5 8. Nxg5 Rg8 9. d4 h6 10. Nxf7 Qd7 11. Nxh6 Rxg2+ 12. Kxg2 Qxh3+ 13. Kg1 Ng4 14. Nxg4 Bxg4 15. f3 Qg3+ 16. Kh1 O-O-O 17. Bh6 Rh8 18. Qd2 Bxf3+ 19. Rxf3 Qxf3+ 20. Qg2 Rxh6+ 21. Kg1 Qe3+ 22. Qf2 Rh1+ 0-1

[Event "3rd Vergani Cup 2018"]
[Site "Montebelluna"]
[Date "2019.01.02"]
[Round "?"]
[White "Alok Sinha"]
[Black "Orfini, Nicolo`"]
[Result "1/2-1/2"]
[WhiteElo "2187"]
[BlackElo "2156"]
[PlyCount "40"]
[EventDate "2018.12.27"]
[EventType "swiss"]
[EventCountry "ITA"]
[TimeControl "5400+30"]
[WhiteClock "1:07:30"]
[BlackClock "0:48:05"]

1. Nf3 d6 2. d4 Nf6 3. Nc3 Nbd7 4. e4 e5 5. Bc4 Be7 6. O-O O-O 7. Re1 Nb6 8. Bf1 exd4 9. Nxd4 Nfd7 10. Nd5 Nxd5 11. exd5 Bf6 12. g3 Ne5 13. Bg2 Bg4 14. f3 Bd7 15. f4 Bg4 16. Qd2 Nc4 17. Qd3 Nb6 18. h3 Bd7 19. Kh2 Qc8 20. c4 Na4 1/2-1/2

[Event "3rd Vergani Cup 2018"]
[Site "Montebelluna"]
[Date "2019.01.02"]
[Round "?"]
[White "Orfini, Nicolo`"]
[Black "Gallana, Marco"]
[Result "1/2-1/2"]
[WhiteElo "2156"]
[BlackElo "2247"]
[PlyCount "57"]
[EventDate "2018.12.27"]
[EventType "swiss"]
[EventCountry "ITA"]
[TimeControl "5400+30"]
[WhiteClock "0:02:15"]
[BlackClock "0:01:27"]

1. e4 c5 2. c3 d5 3. exd5 Nf6 4. d4 Nxd5 5. Nf3 e6 6. Bd3 cxd4 7. cxd4 Bb4+ 8. Bd2 Bxd2+ 9. Qxd2 Nc6 10. O-O O-O 11. Nc3 Nce7 12. Rfe1 b6 13. Re5 Bb7 14. Nxd5 Bxd5 15. Rh5 Ng6 16. Ne5 Qf6 17. Qe3 Rfd8 18. a3 Rac8 19. Ng4 Qe7 20. Re1 Qc7 21. Ne5 Qe7 22. f4 Qf6 23. Rf1 Bb7 24. Bb1 Ba6 25. Bd3 Bxd3 26. Qxd3 h6 27. Qe4 Nxe5 28. fxe5 Qg6 29. Qxg6 1/2-1/2